 Dungeon Crawl Stone Soup version 0.22.1-1-ga44c0e56f4 (webtiles) character file.

95 Naru the Chopper (level 4, -4/41 HPs)
             Began as a Hill Orc Monk on Nov 6, 2018.
             Slain by a worm (6 damage)
             ... in a sewer.
             The game lasted 00:04:54 (2185 turns).

Naru the Chopper (Hill Orc Monk)                    Turns: 2185, Time: 00:04:54

Health: -4/41      AC:  4    Str: 14    XL:     4   Next: 66%
Magic:  4/4        EV: 12    Int: 10    God:
Gold:   111        SH:  0    Dex: 13    Spells: 3/3 levels left

rFire    . . .     SeeInvis .   a - +0 hand axe
rCold    . . .     Gourm    .   (no shield)
rNeg     . . .     Faith    .   e - +0 leather armour
rPois    .         Spirit   .   h - +0 helmet
rElec    .         Reflect  .   (no cloak)
rCorr    .         Harm     .   (no gloves)
MR       .....                  (no boots)
Stlth    ++........             (no amulet)
HPRegen  0.13/turn              (no ring)
MPRegen  0.09/turn              (no ring)

@: no status effects
A: no striking features
a: no special abilities


You were in a sewer.
You were near starving.

You visited 1 branch of the dungeon, and saw 3 of its levels.
You also visited: Sewer.

You collected 111 gold pieces.

Inventory:

Hand Weapons
 a - a +0 hand axe (weapon)
 b - a +1 hunting sling
Missiles
 d - 3 needles of confusion
 l - 12 bolts
 m - 4 needles of sleeping
 r - 13 sling bullets
 v - 36 stones (quivered)
Armour
 e - a +0 leather armour (worn)
 h - a +0 helmet (worn)
Scrolls
 f - a scroll of teleportation {unknown}
 j - a scroll of remove curse
 n - 2 scrolls of fog {unknown}
 o - a scroll of magic mapping {unknown}
 q - 2 scrolls of identify {unknown}
 t - a scroll of random uselessness {unknown}
Potions
 i - a potion of flight {unknown}
 k - a potion of magic {unknown}
 p - a potion of mutation {unknown}
 s - 3 potions of haste {unknown}
 u - a potion of curing {unknown}
Comestibles
 c - 4 rations
 g - a chunk of flesh


   Skills:
 * Level 4.4 Fighting
 * Level 5.6 Axes
 + Level 0.3 Slings
 + Level 1.2 Armour
 + Level 2.7 Dodging
 - Level 1.5 Stealth


You had 3 spell levels left.
You didn't know any spells.
Your spell library was empty.

Dungeon Overview and Level Annotations

Branches:
Dungeon (3/15)

Altars:
Elyvilon


Message History

You see here a club.
You swing at nothing.
You barely miss the worm.
The worm is heavily wounded.
Your leather armour prevents you from hitting the worm.
The worm is heavily wounded.
The worm bites you!
* * * LOW HITPOINT WARNING * * *
You slash the worm!
The worm is almost dead.
You barely miss the worm.
The worm is almost dead.
The worm bites you!
* * * LOW HITPOINT WARNING * * *
You hit the worm but do no damage.
The worm is almost dead.
You hit the worm but do no damage.
The worm is almost dead.
The worm bites you.
You die...

###≈≈.≈≈≈≈≈≈####.
##≈.≈.≈.≈≈≈≈≈≈≈###
#..≈≈≈#####≈≈≈≈.#
#.≈..## ##..≈≈#
#.≈.## ##≈≈.#
#..≈# #.≈≈# #...#
#.≈.# ##.≈≈##
##≈≈≈## #≈@w≈≈#
#≈≈≈≈≈# #≈###≈#
#.###≈# #≈# #≈#
#.# ≈# ##≈###≈##
##.## ≈# #≈≈≈#.≈≈#
#≈†≈# #≈#≈#≈#≈#
#≈#≈# #≈#≈#≈ ≈#
#≈#≈# #≈#≈#≈ ≈#
#≈#≈# #.#.#. .#
#.#.#


You could see a worm.

Vanquished Creatures
  An adder (D:2)
  5 oozes
  3 worms
  2 leopard geckos (D:3)
  4 giant cockroaches
  2 goblins (D:1)
  2 hobgoblins (D:1)
  5 jackals (D:1)
  A ball python (D:1)
  10 bats
  2 frilled lizards
  9 kobolds
  11 rats
57 creatures vanquished.

Notes
Turn   | Place    | Note
-------+----------+-------------------------------------------
     0 | D:1      | Naru the Hill Orc Monk began the quest for the Orb.
     0 | D:1      | Reached XP level 1. HP: 19/19 MP: 1/1
    64 | D:1      | Reached XP level 2. HP: 26/27 MP: 2/2
   430 | D:1      | Reached XP level 3. HP: 33/33 MP: 3/3
   645 | D:1      | Reached skill level 5 in Axes
   776 | D:2      | Found a white marble altar of Elyvilon.
  1488 | D:3      | Reached XP level 4. HP: 40/40 MP: 4/4
  1559 | D:3      | Found a glowing drain.
  1710 | Sewer    | Entered a sewer
  1916 | Sewer    | Reached skill level 1 in Armour
  2183 | Sewer    | HP: 2/41 [worm (7)]
  2185 | Sewer    | Slain by a worm

Skill      XL: |  1  2  3  4 |
---------------+-------------+-----
Fighting       | 4 |  4.4
Axes           | 5 |  5.6
Armour         | 1 |  1.2
Slings         | |  0.3
Dodging        | |  2.7
Stealth        | |  1.5

Action                   |  1- 3 |  4- 6 || total
-------------------------+-------+-------++-------
Melee: Hand axe          |    99 |   108 ||   207
 Fire: Hunting sling     |     9 |     8 ||    17
  Use: Scroll            |     3 |       ||     3
 Stab: Sleeping          |     7 |       ||     7
  Eat: Chunk             |     1 |     2 ||     3
Armor: Robe              |     6 |       ||     6
       Leather armour    |    32 |    18 ||    50
Dodge: Dodged            |    88 |    49 ||   137
